 Dungeon Crawl Stone Soup version 0.26.0-16-gc1dbca0489 (webtiles) character file.

Game seed: 195371826981200002

424593 ragingrage the Bludgeoner (level 23, -24/156 HPs)
             Began as a Gargoyle Delver on Jan 21, 2021.
             Was the Champion of Okawaru.
             Killed from afar by an ancient lich (75 damage)
             ... with an iron shot
             ... on level 3 of the Depths.
             The game lasted 01:33:03 (63522 turns).

ragingrage the Bludgeoner (Gargoyle Delver)        Turns: 63522, Time: 01:33:04

Health: -24/156    AC: 55    Str: 21    XL:     23   Next: 78%
Magic:  0/30       EV: 11    Int: 19    God:    Okawaru [******]
Gold:   2337       SH: 22    Dex: 14    Spells: 22/22 levels left

rFire    + + .     SeeInvis +   W - +9 eveningstar (drain)
rCold    + . .     Faith    .   M - +4 tower shield {AC+3}
rNeg     + + .     Spirit   +   P - +9 plate armour of Kindness {+Blink Stlth+}
rPois    ∞         Reflect  .   b - +2 hat {SInv}
rElec    +         Harm     .   D - +0 cloak {Will+}
rCorr    +         Rampage  .   h - +0 pair of gloves of Qianel {rF++}
Will     ++...                  s - +2 pair of boots {run}
Stlth    ..........             R - amulet of guardian spirit
HPRegen  0.36/turn              V - ring of the Distant Future {rN+ rCorr}
MPRegen  0.22/turn              N - ring "Tiotipsio" {rC+ Int+6}

@: flying, quick
A: big wings, negative energy resistance 1, electricity resistance, unbreathing,
petrification resistance, miasma immunity, AC +17
}: 2/15 runes: serpentine, barnacled
a: Stop Flying, Renounce Religion, Evoke Blink, Heroism, Finesse


You were on level 3 of the Depths.
You worshipped Okawaru.
Okawaru was exalted by your worship.
You visited 8 branches of the dungeon, and saw 40 of its levels.
You also visited: Bailey and Gauntlet.

You collected 5386 gold pieces.
You spent 3049 gold pieces at shops.

Inventory:

Hand Weapons
 U - the +7 great mace "Firestarter" {inner flame, rF++}
   (You bought it in a shop on level 4 of the Dungeon)

   It has been specially enchanted to burn those struck by it, causing extra
   injury to most foes and up to half again as much damage against particularly
   susceptible opponents.
   It greatly protects you from fire.
 W - a +9 eveningstar of draining (weapon)
Missiles
 j - 37 silver javelins (quivered)
 H - 6 datura-tipped darts
 L - 2 throwing nets
Armour
 b - a +2 hat of see invisible (worn)
 h - the +0 pair of gloves of Qianel (worn) {rF++}
   (You found it on level 1 of the Elven Halls)

   It greatly protects you from fire.
 s - a +2 pair of boots of running (worn)
 x - a +2 cloak of preservation
 D - a +0 cloak of willpower (worn)
 M - a +4 tower shield of protection (worn)
 P - the +9 plate armour of Kindness (worn) {+Blink Stlth+}
   (You found it on level 4 of the Shoals)

   It lets you blink.
   It makes you more stealthy.
Jewellery
 K - an uncursed ring of willpower
 N - the ring "Tiotipsio" (right hand) {rC+ Int+6}
   (You found it on level 3 of the Elven Halls)

   [ring of protection from cold]

   It affects your intelligence (+6).
   It protects you from cold.
 R - an amulet of guardian spirit (around neck)
 V - the ring of the Distant Future (left hand) {rN+ rCorr}
   (You found it on level 3 of the Elven Halls)

   [ring of resist corrosion]

   It protects you from negative energy.
   It provides partial protection from all sources of acid and corrosion.
Wands
 e - a wand of polymorph (31)
 g - a wand of digging (6)
 m - a wand of paralysis (24)
 I - a wand of flame (34)
 J - a wand of iceblast (54)
 S - a wand of acid (11)
 Z - a wand of enslavement (6)
Scrolls
 a - a scroll of fear
 c - 6 scrolls of fog
 d - 6 scrolls of magic mapping
 k - 20 scrolls of remove curse
 l - 7 scrolls of amnesia
 o - 2 scrolls of summoning
 p - 23 scrolls of teleportation
 r - 5 scrolls of identify
 v - a scroll of enchant weapon
 z - 4 scrolls of vulnerability
 A - 5 scrolls of blinking
 E - 2 scrolls of brand weapon
 F - 7 scrolls of immolation
Potions
 f - 8 potions of haste
 i - 26 potions of curing
 n - 13 potions of heal wounds
 q - 7 potions of attraction
 t - 9 potions of might
 u - 11 potions of ambrosia
 w - a potion of cancellation
 C - 6 potions of lignification
 G - 5 potions of berserk rage
 Q - 3 potions of mutation
 T - 5 potions of resistance
Miscellaneous
 y - a phantom mirror
 B - a tin of tremorstones (1/2)
 O - a box of beasts
 X - a condenser vane (inert)
 Y - a lightning rod (4/4)


   Skills:
 - Level 20.0 Fighting
 - Level 20.0 Maces & Flails
 - Level 10.0 Throwing
 + Level 14.9 Armour
 + Level 12.9 Dodging
 - Level 5.4 Stealth
 + Level 11.3 Shields
 + Level 9.7 Invocations
 + Level 15.5 Evocations


You had 22 spell levels left.
You didn't know any spells.
Your spell library contained the following spells:

 Spells                   Type           Power        Failure   Level
 Animate Skeleton         Necr           0%           100%        1
 Apportation              Tloc           0%           100%        1
 Corona                   Hex            0%           100%        1
 Foxfire                  Conj/Fire      0%           100%        1
 Freeze                   Ice            0%           100%        1
 Magic Dart               Conj           0%           100%        1
 Sandblast                Erth           0%           100%        1
 Shock                    Conj/Air       0%           100%        1
 Sting                    Tmut/Pois      0%           100%        1
 Summon Small Mammal      Summ           0%           100%        1
 Blink                    Tloc           N/A          100%        2
 Call Imp                 Summ           0%           100%        2
 Ensorcelled Hibernation  Hex/Ice        0%           100%        2
 Passwall                 Tmut/Erth      0%           100%        2
 Poisonous Vapours        Pois/Air       0%           100%        2
 Searing Ray              Conj           0%           100%        2
 Conjure Flame            Conj/Fire      0%           100%        3
 Dazzling Flash           Conj/Hex       0%           100%        3
 Frozen Ramparts          Ice            0%           100%        3
 Gell's Gravitas          Tloc           0%           100%        3
 Ignite Poison            Fire/Tmut/Pois 0%           100%        3
 Lesser Beckoning         Tloc           0%           100%        3
 Mephitic Cloud           Conj/Pois/Air  0%           100%        3
 Ozocubu's Armour         Ice            0%           100%        3
 Portal Projectile        Hex/Tloc       0%           100%        3
 Stone Arrow              Conj/Erth      0%           100%        3
 Teleport Other           Tloc           0%           100%        3
 Fulminant Prism          Conj/Hex       0%           100%        4
 Hailstorm                Conj/Ice       0%           100%        4
 Iskenderun's Mystic Bla  Conj/Tloc      0%           100%        4
 Leda's Liquefaction      Hex/Erth       0%           100%        4
 Passage of Golubria      Tloc           N/A          100%        4
 Petrify                  Tmut/Erth      0%           100%        4
 Summon Ice Beast         Ice/Summ       0%           100%        4
 Alistair's Intoxication  Tmut/Pois      0%           100%        5
 Bolt of Magma            Conj/Fire/Erth 0%           100%        5
 Excruciating Wounds      Necr           0%           100%        5
 Fireball                 Conj/Fire      0%           100%        5
 Irradiate                Conj/Tmut      0%           100%        5
 Lee's Rapid Deconstruct  Erth           0%           100%        5
 Metabolic Englaciation   Hex/Ice        0%           100%        5
 Dispersal                Tloc           0%           100%        6
 Eringya's Noxious Bog    Tmut/Pois      0%           100%        6
 Freezing Cloud           Conj/Ice/Air   0%           100%        6
 Iron Shot                Conj/Erth      0%           100%        6
 Shadow Creatures         Summ           N/A          100%        6
 Starburst                Conj/Fire      0%           100%        6
 Malign Gateway           Summ/Tloc      0%           100%        7
 Spellforged Servitor     Conj/Summ      0%           100%        7
 Summon Hydra             Summ           0%           100%        7
 Chain Lightning          Conj/Air       0%           100%        8
 Disjunction              Tloc           0%           100%        8
 Ignition                 Fire           0%           100%        8
 Lehudib's Crystal Spear  Conj/Erth      0%           100%        8
 Absolute Zero            Ice            0%           100%        9
 Fire Storm               Conj/Fire      0%           100%        9
 Shatter                  Erth           0%           100%        9
 Sublimation of Blood     Necr           Unusable     N/A         2
 Statue Form              Tmut/Erth      Unusable     N/A         6

Dungeon Overview and Level Annotations

Branches:
Dungeon (15/15)            Temple (1/1) D:6            Lair (6/6) D:8
 Shoals (4/4) Lair:4        Snake (4/4) Lair:2        Slime (0/5) Lair:5
    Orc (2/2) D:12            Elf (3/3) Orc:2        Vaults (0/5) D:14
 Depths (5/5) D:15         Bailey (visited)         Gauntlet (visited)
    Zot: Depths:5

Altars:
Ashenzari
Cheibriados
Dithmenos
Elyvilon
Fedhas
Gozag
Okawaru
Qazlal
Sif Muna
Uskayaw
Vehumet
Wu Jian
Xom
Yredelemnul
Zin
The Shining One
Beogh
Jiyva

Shops:
D:4 *   D:12 [   Orc:2 *[*[(   Elf:1 [   Elf:3 **:*!   Snake:1 *?!=
Snake:3 =}=   Depths:5 *(=?

Portals:
Hell: Depths:1 Depths:2 Depths:3 Depths:4 Depths:5
Abyss: Depths:3 Depths:4
Pandemonium: Depths:3
Ziggurat: Depths:1

Annotations:
Lair:2 2 transporters, qqq123's ghost, journeyman GrFi
Elf:2 6 runed translucent doors, Ewetirimn's ghost, adept MiBe
Elf:3 2 transporters, WiseOSalty's ghost, adept DsFi


Innate Abilities, Weirdness & Mutations

You are resistant to torment.
Your stone body is resilient. (AC +17)
You are immune to poison.
Your large and strong wings let you fly indefinitely.
You resist negative energy. (rN+)
You are resistant to electric shocks. (rElec)
You can survive without breathing.
You are immune to petrification.
You are immune to miasma.


Message History

You block the jiangshi's attack.
The jiangshi claws you but does no damage. x2
You block the jiangshi's attack. You block the shadow demon's attack.
The vampire mage hits you but does no damage.
The vampire mage bites you but does no damage.
The jiangshi claws you.
The jiangshi claws you but does no damage.
You closely miss the ancient lich.
The ancient lich is almost destroyed.
You block the jiangshi's attack. x2
The ancient lich touches you but does no damage.
The vampire mage hits you but does no damage.
You block the vampire mage's attack. The shadow demon hits you.
The jiangshi claws you but does no damage.
The jiangshi claws you.
You hit the ancient lich but do no damage.
The ancient lich is almost destroyed.
The ancient lich casts a spell at you. The iron shot hits you!!!!
You die...

##....#.#...#..###..#...#.#....∩
#.......#...#(## ##.#...#...>...
#.....##.######. .######.##.....
#....#..#...#... § .#...#..#..>.
#...#...#..##.(.#§§§##(.#...#...
#..##...#.## .:))#). ##.#...##..
#.#############|3)###.#########.
#.. ........V2#L2○☼.##.#...##..
#.. ...#....VV@#4..##..#...#...
#. #..#....ZVV#...#[..#.)#....
....#.....Z#.######.##.....
...........###.#...#.......
...#.......##..#...#.#....#
.......#...#...#..#)(....##
....#..##.####.##.......#
...........#...#.........#
.........).#...#.#.....###


You could see an ancient lich (invisible), 4 jiangshi, a sun demon (summoned), 2
shadow demons, a vampire mage (summoned), a spectral frost giant (summoned) and
a spark wasp zombie (summoned).

Vanquished Creatures
  A juggernaut (Depths:2)
  Vashnia (Snake:3)
  Saint Roka (Elf:3)
  A golden dragon (Depths:3)
  A lich (Depths:3)
  Nikola (Shoals:1)
  Jorgrun (D:14)
  2 tentacled monstrosities (Depths:3)
  5 deep elf blademasters (Elf:3)
  2 titans (Depths:3)
  5 deep elf master archers (Elf:3)
  Gastronok (D:9)
  5 krakens
  7 sphinxes
  The ghost of Viocziel the Brawler, an adept TrMo of Nemelex Xobeh (Depths:2)
  Polyphemus (Shoals:3)
  A shadow dragon (Depths:3)
  A tengu reaver (Depths:3)
  7 nagarajas
  2 storm dragons
  Donald (Shoals:1)
  6 fire giants
  Roxanne (Snake:2)
  Ilsuiw (Shoals:3)
  An iron dragon (Depths:4)
  6 deep elf sorcerers
  4 frost giants
  A balrug (Depths:4)
  4 deep elf elementalists
  A vampire knight (Depths:2)
  3 deep elf demonologists
  10 stone giants
  A spriggan defender (Depths:5)
  17 very ugly things
  7 spark wasps
  3 entropy weavers
  4 deep elf annihilators
  A minotaur (Gauntlet)
  5 merfolk javelineers
  5 deep elf death magi (Elf:3)
  9 ettins
  8 merfolk impalers
  6 yaktaur captains
  16 fire dragons
  2 great orbs of eyes
  2 deep elf high priests (Elf:3)
  14 hydras
  A hell beast (Elf:3)
  4 vault guards (D:14)
  12 ice dragons
  3 boulder beetles
  13 naga warriors
  4 spriggan air magi
  3 ghost crabs (Lair:3)
  2 rakshasas
  5 merfolk avatars
  6 ogre magi
  4 alligator snapping turtles (Shoals:4)
  2 merfolk aquamancers (Shoals:4)
  2 anacondas
  6 two-headed ogres
  5 death yaks
  Erica (Lair:1)
  9 centaur warriors
  17 dancing weapons
  6 deep troll shamans
  2 catoblepae
  A satyr (Shoals:4)
  16 deep troll earth magi
  A satyr (shapeshifter) (Depths:3)
  4 tengu warriors
  14 naga sharpshooters
  3 shock serpents
  6 vampire magi
  Urug (Lair:3)
  An orc high priest (Orc:1)
  8 spriggan berserkers
  6 deep elf knights
  5 iron trolls
  A fire crab (shapeshifter) (Depths:2)
  2 sun demons (Depths:4)
  4 fire crabs (Lair:3)
  7 orc knights
  9 hell knights
  A titan skeleton (Depths:1)
  11 sea snakes
  3 salamander mystics
  An unseen horror (shapeshifter) (D:14)
  23 deep trolls
  5 glowing orange brains
  An unseen horror (D:13)
  2 wizards
  A deep troll (shapeshifter) (Depths:3)
  4 flayed ghosts
  7 naga ritualists (Snake:4)
  The ghost of thiole the Covert, a novice OpWz of Gozag (D:9)
  12 deep elf archers
  39 ugly things
  63 deep elf magi
  17 harpies
  8 orc sorcerers
  A frost giant zombie (Depths:1)
  7 necromancers
  5 mana vipers
  21 manticores
  11 fauns
  A sphinx skeleton (Depths:1)
  5 oklob plants
  A manticore (shapeshifter) (Depths:3)
  8 salamanders
  A fire giant zombie (Depths:1)
  A frost giant skeleton (Depths:1)
  3 cyclopes
  2 black mambas (shapeshifter) (Depths:3)
  8 elephants
  A stone giant skeleton (Depths:1)
  A cyclops (shapeshifter) (Depths:2)
  7 merfolk sirens
  2 moths of wrath (Gauntlet)
  25 black mambas
  9 water nymphs
  2 guardian serpents
  A torpor snail (Lair:6)
  3 gargoyles
  21 naga magi
  15 cane toads
  An apocalypse crab (Lair:3)
  A centaur skeleton (D:13)
  A rime drake (shapeshifter) (D:15)
  Maggie (D:7)
  2 efreet
  20 komodo dragons
  8 rime drakes
  37 yaktaurs
  2 tengu conjurers
  12 wind drakes
  28 merfolk
  A queen bee (D:13)
  5 trolls
  9 polar bears
  3 meliai (D:13)
  A blink frog (shapeshifter) (Depths:1)
  2 hornets (shapeshifter)
  8 hornets
  24 slime creatures
  13 dream sheep
  Prince Ribbit (D:7)
  22 blink frogs
  10 snapping turtles
  4 centaur simulacra
  2 spriggan skeletons (Depths:1)
  A deep troll skeleton (Depths:1)
  4 redbacks (Gauntlet)
  A spriggan (shapeshifter) (Depths:3)
  2 shadows (D:13)
  3 spriggans
  5 wraiths (D:13)
  22 water elementals
  An air elemental (Elf:1)
  A vampire (D:14)
  A human (shapeshifter) (D:15)
  9 wyverns
  50 yaks
  A basilisk (shapeshifter) (Depths:3)
  A wyvern (shapeshifter) (Depths:3)
  2 chaos spawn (Gauntlet)
  4 steam dragons
  5 basilisks
  A fire elemental (Elf:3)
  A neqoxec (Gauntlet)
  7 wargs (Orc:2)
  3 vampire mosquitoes (D:15)
  41 nagas
  3 acid dragons
  3 hell hounds (Elf:3)
  20 water moccasins
  A floating eye (Depths:5)
  2 black bears
  A sky beast (D:14)
  2 phantoms
  4 boggarts
  32 orc warriors
  An eye of draining (D:14)
  14 ogres
  22 wolves
  20 centaurs
  5 big kobolds
  7 earth elementals
  A gnoll sergeant (D:9)
  20 bullfrogs
  2 wyvern skeletons (D:14)
  3 scorpions
  31 killer bees
  9 wights
  3 howler monkeys (D:10)
  3 electric eels
  2 centaur zombies
  2 quasits
  2 wyvern simulacra
  6 hounds
  3 jellies
  A bullfrog zombie (D:11)
  Crazy Yiuf (D:2)
  12 orc priests
  4 bullfrog skeletons
  Natasha (thrice) (D:2)
  3 iguanas
  42 orc wizards
  6 worker ants
  2 bullfrog simulacra (D:12)
  A worker ant zombie (D:5)
  8 gnolls
  A howler monkey skeleton (D:10)
  14 adders
  4 shadow imps
  9 white imps
  6 ufetubi
  3 oozes
  An adder skeleton (D:4)
  4 worms
  4 dart slugs
  3 leopard geckos
  103 orcs
  7 bats
  6 giant cockroaches
  9 goblins
  9 hobgoblins
  5 jackals
  4 quokkas
  2 ball pythons (D:1)
  2 frilled lizards (D:2)
  21 kobolds
  2 leopard gecko skeletons
  13 rats
  9 bushes
  A fungus (Lair:1)
  7 tentacles
1683 creatures vanquished.

Vanquished Creatures (collateral kills)
  A merfolk impaler (Shoals:2)
  A deep troll shaman (Depths:1)
  An orc knight (Bailey)
  3 orc warriors
  An orc (D:9)
7 creatures vanquished.

Vanquished Creatures (others)
  A lich (Depths:2)
  A fire giant (D:15)
  2 deep elf knights (Elf:1)
  2 deep elf magi
  An ugly thing (D:15)
  An orc warrior (Bailey)
  An ice beast (shapeshifter) (Depths:2)
  4 orcs
  57 fungi
  179 plants
  23 tentacles
  11 toadstools (Lair:1)
283 creatures vanquished.

Grand Total: 1973 creatures vanquished

Notes
Turn   | Place    | Note
-------+----------+-------------------------------------------
     0 | D:5      | ragingrage the Gargoyle Delver began the quest for the Orb.
     0 | D:5      | Reached XP level 1. HP: 14/14 MP: 1/1
    36 | D:6      | Reached XP level 2. HP: 18/19 MP: 2/2
   425 | D:4      | Found Ylaomeen's Mayhem Merchandise.
   454 | D:4      | Reached XP level 3. HP: 21/23 MP: 3/3
   601 | D:3      | Reached XP level 4. HP: 27/28 MP: 4/4
   729 | D:2      | Found an opulent altar of Gozag.
   872 | D:3      | Noticed a phantom
   972 | D:4      | Noticed a big kobold
   972 | D:4      | an iguana changed into a big kobold
   982 | D:4      | Killed a big kobold
   983 | D:4      | Reached skill level 5 in Maces & Flails
   983 | D:4      | Reached XP level 5. HP: 24/32 MP: 5/5
  1330 | D:2      | Noticed Natasha
  1345 | D:2      | Killed Natasha
  1586 | D:1      | Reached XP level 6. HP: 36/37 MP: 6/6
  2585 | D:2      | Noticed Natasha
  2596 | D:2      | Killed Natasha
  2817 | D:2      | Noticed Natasha
  2830 | D:2      | Killed Natasha
  3099 | D:2      | Found a runed translucent door.
  3100 | D:2      | Noticed Crazy Yiuf
  3325 | D:2      | Killed Crazy Yiuf
  4167 | D:3      | Reached XP level 7. HP: 9/41 MP: 7/7
  5172 | D:5      | Noticed a yak
  5401 | D:5      | Reached XP level 8. HP: 34/46 MP: 8/8
  5819 | D:6      | Found an ornate altar of the Wu Jian Council.
  6056 | D:6      | Found a staircase to the Ecumenical Temple.
  6369 | D:5      | Noticed a yak
  6369 | D:5      | Noticed a yak
  6422 | D:4      | Killed a yak
  6671 | D:5      | Noticed a yak
  6673 | D:5      | Noticed a yak
  6704 | D:4      | Killed a yak
  6705 | D:4      | Reached skill level 10 in Maces & Flails
  6714 | D:4      | Killed a yak
  7080 | D:4      | Killed a yak
  7193 | D:4      | Killed a yak
  7630 | Temple   | Entered the Ecumenical Temple
  7768 | Temple   | Became a worshipper of Warmaster Okawaru
  7945 | D:7      | Reached XP level 9. HP: 51/51 MP: 9/9
  7964 | D:7      | Noticed Prince Ribbit
  7985 | D:7      | Killed Prince Ribbit
  7986 | D:7      | Reached skill level 1 in Armour
  7986 | D:7      | Reached skill level 1 in Shields
  8161 | D:7      | Noticed Maggie
  8185 | D:7      | Killed Maggie
  8185 | D:7      | Reached * piety under Okawaru
  8755 | D:7      | Found a white marble altar of Elyvilon.
  9419 | D:8      | Reached skill level 5 in Fighting
  9650 | D:8      | Reached XP level 10. HP: 59/59 MP: 10/10
 10023 | D:8      | Reached ** piety under Okawaru
 10130 | D:8      | Found a staircase to the Lair.
 10332 | D:9      | Identified the +2 battleaxe of Xecol {pain, rPois} (You
                  | found it on level 9 of the Dungeon)
 10546 | D:9      | Found a large runed translucent door.
 10547 | D:9      | Found a large runed translucent door.
 10555 | D:9      | Noticed thiole's ghost (novice OpWz)
 11331 | D:9      | Noticed Gastronok
 11442 | D:9      | Killed Gastronok
 11442 | D:9      | Reached *** piety under Okawaru
 11442 | D:9      | Reached **** piety under Okawaru
 11443 | D:9      | Reached skill level 5 in Shields
 11443 | D:9      | Reached XP level 11. HP: 20/66 MP: 11/11
 11677 | D:9      | Identified the +2 mace of the Whelk {venom, Dex+5}
 11996 | D:9      | Killed thiole's ghost
 12006 | D:9      | Identified the cursed +2 spear of Kuluin Meoci {freeze,
                  | Int+4 Dex+4 Stlth-} (You found it on level 9 of the
                  | Dungeon)
 12025 | D:10     | Entered Level 10 of the Dungeon
 12112 | D:10     | Reached ***** piety under Okawaru
 12524 | D:11     | Noticed a boulder beetle
 12562 | D:11     | Killed a boulder beetle
 12890 | D:11     | Received a gift from Okawaru
 12966 | D:11     | Identified the +1 ring mail of Okawaru's Favour {rC- rCorr
                  | Int+3} (Okawaru gifted it to you on level 11 of the
                  | Dungeon)
 13230 | D:11     | You fall into a shaft and drop 3 floors!
 13358 | D:13     | Noticed a cyclops
 13446 | D:13     | Noticed a deep elf mage
 13534 | D:13     | Found a flagged portal.
 13562 | Bailey   | Entered a bailey
 13726 | Bailey   | Noticed an orc knight
 13726 | Bailey   | Noticed an orc knight
 13832 | Bailey   | Noticed an orc knight
 13916 | Bailey   | Identified the +4 morningstar "Beetle's Nightmare"
                  | {protect, rElec rC+ Str+5 Int+3} (You found it in a bailey)
 13971 | Bailey   | Killed an orc knight
 13995 | Bailey   | Killed an orc knight
 13996 | Bailey   | Reached XP level 12. HP: 18/76 MP: 12/12
 14467 | D:12     | Found a staircase to the Orcish Mines.
 14467 | D:12     | Found Roufi's Armour Emporium.
 14484 | D:13     | Reached skill level 10 in Fighting
 14814 | D:12     | Received a gift from Okawaru
 14820 | D:12     | Got a pair of smoking gloves {god gift}
 14825 | D:12     | Identified the +0 pair of gloves "Qonecsabruo" {*Slow
                  | Dex+4} (Okawaru gifted it to you on level 12 of the
                  | Dungeon)
 14900 | D:12     | Bought a +1 kite shield of reflection for 216 gold pieces
 15106 | D:12     | Reached skill level 15 in Maces & Flails
 15106 | D:12     | Reached skill level 1 in Evocations
 15204 | D:12     | Got a translucent copper amulet
 15226 | D:12     | Identified the amulet "Yseuf" {Reflect rPois Str+3 Dex+5
                  | SH+5} (You found it on level 12 of the Dungeon)
 15994 | D:12     | Reached skill level 1 in Invocations
 16499 | D:13     | Noticed an eight-headed hydra
 16517 | D:13     | Killed an eight-headed hydra
 16745 | D:13     | Reached XP level 13. HP: 82/82 MP: 14/16
 16761 | D:13     | Noticed a fire giant
 16782 | D:13     | Killed a fire giant
 16782 | D:13     | Received a gift from Okawaru
 16783 | D:13     | Got a pitted quick blade {god gift}
 16784 | D:13     | Identified the +2 quick blade of Buithaog {vorpal, rElec
                  | rC+ Will+ Dex+2} (Okawaru gifted it to you on level 13 of
                  | the Dungeon)
 16935 | Lair:1   | Entered Level 1 of the Lair of Beasts
 17007 | Lair:1   | Reached skill level 5 in Invocations
 17007 | Lair:1   | Reached skill level 5 in Evocations
 17168 | Lair:1   | Noticed Erica
 17178 | Lair:1   | Killed Erica
 17237 | Lair:1   | Reached ****** piety under Okawaru
 17890 | D:4      | Bought the +7 great mace "Firestarter" {inner flame, rF++}
                  | for 854 gold pieces
 17890 | D:4      | Found the +7 great mace "Firestarter" {inner flame, rF++}
 18455 | Lair:1   | Found a blossoming altar of Fedhas.
 18808 | Lair:2   | Found a transporter.
 18925 | Lair:2   | Found a transporter.
 18930 | Lair:2   | Found a staircase to the Snake Pit.
 18933 | Lair:2   | Received a gift from Okawaru
 19154 | Lair:2   | Noticed qqq123's ghost (journeyman GrFi)
 20649 | Lair:3   | You fall into a shaft and drop 2 floors!
 20662 | Lair:5   | Gained mutation: Your large and strong wings let you fly
                  | indefinitely. [Gargoyle growth]
 20662 | Lair:5   | Reached XP level 14. HP: 85/88 MP: 17/19
 20727 | Lair:5   | Identified the +3 scale mail "Noelox" {Dex+4} (You found it
                  | on level 5 of the Lair of Beasts)
 21091 | Lair:3   | Found a gate leading to a gauntlet.
 21095 | Gauntlet | Entered a Gauntlet
 21095 | Gauntlet | Found a transporter.
 21095 | Gauntlet | Found a transporter.
 21098 | Gauntlet | Found a transporter.
 21101 | Gauntlet | Found a transporter.
 21101 | Gauntlet | Found a transporter.
 21117 | Gauntlet | Found a transporter.
 21123 | Gauntlet | Found a transporter.
 21158 | Gauntlet | Found a transporter.
 21161 | Gauntlet | Found a transporter.
 21161 | Gauntlet | Found a transporter.
 21174 | Gauntlet | Found a transporter.
 21190 | Gauntlet | Found a transporter.
 21200 | Gauntlet | Found a transporter.
 21215 | Gauntlet | Found a transporter.
 21276 | Gauntlet | Received a gift from Okawaru
 21478 | Gauntlet | Got a wavering steel ring
 21480 | Gauntlet | Identified the ring "Inlegust" {+Fly rN+ Stlth-} (You found
                  | it in a Gauntlet)
 21789 | Lair:3   | Noticed Urug
 21798 | Lair:3   | Killed Urug
 22271 | Lair:3   | Found a runed translucent door.
 22871 | Lair:3   | Noticed an entropy weaver
 22883 | Lair:3   | Killed an entropy weaver
 23240 | Lair:3   | Noticed an entropy weaver
 23251 | Lair:3   | Killed an entropy weaver
 23252 | Lair:3   | Reached skill level 10 in Evocations
 23276 | Lair:3   | Identified the Incunabulum of Entrancing Envenoming
 23774 | Lair:4   | Received a gift from Okawaru
 23792 | Lair:4   | Found a staircase to the Shoals.
 24234 | Lair:5   | Reached XP level 15. HP: 86/92 MP: 18/20
 24544 | Lair:5   | Found a viscous altar of Jiyva.
 24544 | Lair:5   | Found a staircase to the Slime Pits.
 24859 | Lair:6   | Entered Level 6 of the Lair of Beasts
 26205 | Lair:6   | Received a gift from Okawaru
 26309 | Lair:6   | Found a blossoming altar of Fedhas.
 26904 | Orc:1    | Entered Level 1 of the Orcish Mines
 27010 | Orc:2    | Entered Level 2 of the Orcish Mines
 27835 | Orc:1    | Found a roughly hewn altar of Beogh.
 28174 | Orc:2    | Found a roughly hewn altar of Beogh.
 28282 | Orc:2    | Found a staircase to the Elven Halls.
 28322 | Orc:2    | Found Yreag's General Store.
 28326 | Orc:2    | Found Maprour's Armour Shop.
 28332 | Orc:2    | Paralysed by an orc sorcerer for 3 turns
 28371 | Orc:2    | Bought a scroll of summoning for 133 gold pieces
 28481 | Orc:2    | Found Lerinorizi's General Store.
 28489 | Orc:2    | Bought 2 potions of heal wounds for 170 gold pieces
 28489 | Orc:2    | Bought a scroll of fog for 34 gold pieces
 28489 | Orc:2    | Bought a potion of mutation for 136 gold pieces
 28489 | Orc:2    | Bought a scroll of identify for 34 gold pieces
 28542 | Orc:2    | Found Teurosiut's Armour Emporium.
 28542 | Orc:2    | Found Foerag's Weapon Shop.
 29158 | D:13     | Reached XP level 16. HP: 63/100 MP: 16/21
 29334 | D:13     | Found a blossoming altar of Fedhas.
 29443 | D:13     | Identified the Incunabulum of Creation and the Glacier
 29654 | D:13     | You are sucked into a shaft and drop 1 floor!
 29684 | D:15     | Entered Level 15 of the Dungeon
 29988 | D:14     | Noticed Jorgrun
 30044 | D:14     | Killed Jorgrun
 30044 | D:14     | Received a gift from Okawaru
 30230 | D:14     | Reached skill level 10 in Armour
 30949 | D:14     | Found a gate to the Vaults.
 31397 | D:15     | Received a gift from Okawaru
 31896 | D:15     | Found a staircase to the Depths.
 32523 | Shoals:1 | Entered Level 1 of the Shoals
 32552 | Shoals:1 | Noticed Donald
 32564 | Shoals:1 | Killed Donald
 33045 | Shoals:1 | Received a gift from Okawaru
 33096 | Shoals:1 | Noticed a kraken
 33109 | Shoals:1 | Killed a kraken
 33114 | Shoals:1 | Noticed Nikola
 33459 | Shoals:1 | Killed Nikola
 33460 | Shoals:1 | Reached XP level 17. HP: 78/110 MP: 12/22
 33826 | Shoals:1 | Identified the +1 animal skin of Ysoim {Int+5} (You found
                  | it on level 1 of the Shoals)
 34581 | Shoals:2 | Received a gift from Okawaru
 36044 | Shoals:3 | Noticed Ilsuiw
 36116 | Shoals:3 | Killed Ilsuiw
 36597 | Shoals:3 | Noticed Polyphemus
 36613 | Shoals:3 | Received a gift from Okawaru
 36621 | Shoals:3 | Killed Polyphemus
 36622 | Shoals:3 | Reached skill level 15 in Fighting
 37219 | Shoals:4 | Entered Level 4 of the Shoals
 38125 | Shoals:4 | Noticed a kraken
 38125 | Shoals:4 | Noticed a kraken
 38171 | Shoals:4 | Killed a kraken
 38171 | Shoals:4 | Received a gift from Okawaru
 38478 | Shoals:4 | Killed a kraken
 38495 | Shoals:4 | Noticed a kraken
 38517 | Shoals:4 | Killed a kraken
 38776 | Shoals:4 | Noticed a kraken
 38814 | Shoals:4 | Reached XP level 18. HP: 26/119 MP: 6/24
 39245 | Shoals:4 | Reached skill level 5 in Dodging
 39263 | Shoals:4 | Got a barnacled rune of Zot
 41427 | Shoals:4 | Identified the +9 plate armour of Kindness {+Blink Stlth+}
                  | (You found it on level 4 of the Shoals)
 41589 | Snake:1  | Entered Level 1 of the Snake Pit
 41764 | Snake:1  | Found Reitiqumibb's Jewellery Shop.
 41764 | Snake:1  | Found Ogyxonol's Distillery.
 41768 | Snake:1  | Found Plog's Magic Scroll Shop.
 41779 | Snake:1  | Received a gift from Okawaru
 41800 | Snake:1  | Bought a potion of heal wounds for 85 gold pieces
 41800 | Snake:1  | Bought a potion of resistance for 170 gold pieces
 41800 | Snake:1  | Bought a potion of might for 68 gold pieces
 41802 | Snake:1  | Bought a scroll of teleportation for 42 gold pieces
 41802 | Snake:1  | Bought a scroll of teleportation for 42 gold pieces
 41802 | Snake:1  | Bought a scroll of fog for 28 gold pieces
 41802 | Snake:1  | Bought a scroll of identify for 28 gold pieces
 41802 | Snake:1  | Bought a scroll of fear for 49 gold pieces
 41831 | Snake:1  | Found Resilod's Assorted Antiques.
 41839 | Snake:1  | Bought a potion of curing for 93 gold pieces
 41839 | Snake:1  | Bought a small bone ring for 155 gold pieces
 41839 | Snake:1  | Bought a twisted moonstone ring for 155 gold pieces
 43267 | Snake:2  | Identified Roxanne's Collected Works on Transmigration
 43267 | Snake:2  | Noticed Roxanne
 43290 | Snake:2  | Killed Roxanne
 44247 | Snake:3  | Noticed Vashnia
 44261 | Snake:3  | Killed Vashnia
 44262 | Snake:3  | Reached XP level 19. HP: 66/127 MP: 14/25
 44501 | Snake:3  | Found Ruotuewn's Jewellery Emporium.
 44501 | Snake:3  | Found Hagotol's Gadget Shop.
 44502 | Snake:3  | Found Weobyem's Jewellery Emporium.
 44794 | Snake:4  | Entered Level 4 of the Snake Pit
 45025 | Snake:4  | Received a gift from Okawaru
 45026 | Snake:4  | Found the +3 robe of Clouds {+Thunder rCloud rElec}
 45488 | Snake:4  | Found an ornate altar of the Wu Jian Council.
 45681 | Snake:4  | Reached skill level 10 in Shields
 46302 | Snake:4  | Got a serpentine rune of Zot
 46713 | Elf:1    | Entered Level 1 of the Elven Halls
 46728 | Orc:2    | Received a gift from Okawaru
 46746 | Orc:2    | Identified the +2 morningstar of the Lurker {vamp, Fragile
                  | rElec Str-2 Dex+7} (Okawaru gifted it to you on level 2 of
                  | the Orcish Mines)
 47482 | Elf:1    | Found Boputi's Antique Armour Shop.
 47485 | Elf:1    | Bought a pair of embroidered boots for 217 gold pieces
 47495 | Elf:1    | Identified a +0 pair of boots of running (You bought it in
                  | a shop on level 1 of the Elven Halls)
 47521 | Elf:1    | Identified the +0 pair of gloves of Qianel {rF++} (You
                  | found it on level 1 of the Elven Halls)
 47956 | Elf:1    | Identified the Handbook of the Entourage
 48552 | Elf:1    | Received a gift from Okawaru
 48553 | Elf:1    | Reached skill level 1 in Throwing
 48826 | Elf:2    | Found a runed translucent gate.
 48838 | Elf:2    | Noticed Ewetirimn's ghost (adept MiBe)
 48876 | Elf:1    | Reached XP level 20. HP: 135/135 MP: 26/26
 49036 | Elf:2    | Found a runed translucent gate.
 49037 | Elf:2    | Found a runed translucent gate.
 49037 | Elf:2    | Found a runed translucent gate.
 49089 | Elf:2    | Identified the ring "Querphof" {+Fly rElec rPois rC++ EV+4}
 49097 | Elf:2    | Found a runed translucent gate.
 49097 | Elf:2    | Found a runed translucent gate.
 49270 | Elf:3    | Entered Level 3 of the Elven Halls
 49292 | Elf:3    | Noticed Saint Roka
 49321 | Elf:3    | Killed Saint Roka
 49329 | Elf:3    | Received a gift from Okawaru
 49787 | Elf:3    | Found Voig Zyu's Book Shoppe.
 49790 | Elf:3    | Found Vuleyfut's General Store.
 49804 | Elf:3    | Found Lofiam's General Store.
 49807 | Elf:3    | Bought a potion of heal wounds for 80 gold pieces
 49807 | Elf:3    | Bought a scroll of magic mapping for 56 gold pieces
 49807 | Elf:3    | Bought a potion of might for 64 gold pieces
 49808 | Elf:3    | Found Motuj's Assorted Antiques.
 50166 | Elf:3    | Identified Vehumet's Handbook of Attacks
 50200 | Elf:3    | Found Roapnel's Distillery.
 50209 | Elf:3    | Received a gift from Okawaru
 50346 | Elf:3    | Bought an ivory ring for 140 gold pieces
 50424 | Elf:3    | Found a transporter.
 50424 | Elf:3    | Found a transporter.
 50425 | Elf:3    | Noticed WiseOSalty's ghost (adept DsFi)
 50464 | Elf:3    | Noticed a Brimstone Fiend
 51019 | Elf:3    | Reached skill level 5 in Throwing
 51019 | Elf:3    | Reached skill level 10 in Dodging
 51660 | Elf:3    | Reached XP level 21. HP: 124/142 MP: 23/27
 51910 | Elf:3    | Identified the ring of Juxiuck {Ice *Corrode rN+ Dex+4}
 52001 | Elf:3    | Identified Ecinenist's Grimoire of Shifting Attacks
 52014 | Elf:3    | Identified the amulet "Xenom" {+Fly Regen+ Dex+2} (You
                  | found it on level 3 of the Elven Halls)
 52019 | Elf:3    | Got a shimmering platinum ring
 52020 | Elf:3    | Identified the ring of the Distant Future {rN+ rCorr} (You
                  | found it on level 3 of the Elven Halls)
 52052 | Elf:3    | Identified the ring "Tiotipsio" {rC+ Int+6} (You found it
                  | on level 3 of the Elven Halls)
 52074 | Elf:3    | Identified the +2 ring mail "Cethropt" {rF+++ MP-9 Str+10
                  | Dex-4} (You found it on level 3 of the Elven Halls)
 52097 | Elf:3    | Identified the +8 dire flail "Sejuturr" {freeze, Dex+5}
                  | (You found it on level 3 of the Elven Halls)
 52109 | Elf:3    | Identified the Volume of Congealing Evil Magic
 52741 | Depths:1 | Entered Level 1 of the Depths
 52770 | D:15     | Received a gift from Okawaru
 53542 | Depths:1 | Reached skill level 15 in Evocations
 54382 | Depths:1 | Found a gateway to a ziggurat.
 54408 | Depths:1 | Found a gateway to Hell.
 55064 | Depths:1 | Received a gift from Okawaru
 55264 | Depths:2 | Received a gift from Okawaru
 55525 | Depths:2 | Paralysed by a great orb of eyes for 3 turns
 56204 | Depths:2 | Noticed a juggernaut
 56219 | Depths:2 | Killed a juggernaut
 56220 | Depths:2 | Reached XP level 22. HP: 137/150 MP: 24/28
 57229 | Depths:2 | Found a runed translucent door.
 57229 | Depths:2 | Noticed Viocziel's ghost (adept TrMo)
 57253 | Depths:2 | Killed Viocziel's ghost
 57407 | Depths:3 | Received a gift from Okawaru
 57978 | Depths:3 | Identified the +10 battleaxe of the Genius {drain, Int+6
                  | Dex-4}
 58921 | Depths:3 | You are sucked into a shaft and drop 1 floor!
 58964 | Depths:5 | Entered Level 5 of the Depths
 59021 | Depths:5 | Received a gift from Okawaru
 59414 | Depths:5 | Found Vacerr's General Store.
 59415 | Depths:5 | Found Yrucu's Jewellery Boutique.
 59415 | Depths:5 | Found Refrekk's Weapon Shop.
 59424 | Depths:5 | Found Plog's Magic Scroll Boutique.
 59577 | Depths:5 | HP: 6/152 [merfolk javelineer/silver javelin (11)]
 60266 | Depths:5 | Reached skill level 10 in Throwing
 60266 | Depths:5 | Reached XP level 23. HP: 140/156 MP: 25/29
 60479 | Depths:5 | Paralysed by a floating eye for 3 turns
 60828 | Depths:4 | Received a gift from Okawaru
 61265 | Depths:4 | Found a one-way gate to the infinite horrors of the Abyss.
 61276 | Depths:4 | Received a gift from Okawaru
 61294 | Depths:4 | Paralysed by a great orb of eyes for 4 turns
 61595 | Depths:4 | Received a gift from Okawaru
 62577 | Depths:3 | Found a one-way gate leading to the halls of Pandemonium.
 62698 | Depths:3 | Received a gift from Okawaru
 63236 | Depths:3 | Noticed a golden dragon
 63249 | Depths:3 | Killed a golden dragon
 63442 | Depths:3 | Identified the ring of Jecycs {Int+2 Slay+4}
 63476 | Depths:3 | Noticed an ancient lich
 63522 | Depths:3 | Killed from afar by an ancient lich

Illustrated notes

Levels and vault maps discovered:
D:1:      elethiomel_arrival_diamonds, layout_basic, patterned_corridor
D:2:      layout_rooms, grunt_gozag_statues, uniq_natasha,
          uniq_crazy_yiuf_cottage
D:3:      layout_basic, tso_altar
D:4:      minmay_octagon_keep, layout_basic, minmay_shop_mayhem
D:5:      layout_cave_pools, enter_ossuary_2
D:6:      corexii_shack_village, layout_basic,
          minmay_temple_entry_statues_pillars, amcnicky_altar_gilded
D:7:      layout_basic, elyvilon_altar_1, serial_co_window_serial,
          co_window_of_opportunity_a, co_window_paths_a, co_window_paths_a,
          co_window_corner_a, co_window_paths_b, co_window_corner_b,
          co_window_2corner, co_window_broadway_c, co_window_broadway_a,
          co_window_2corner, co_window_paths_e, glass_columns_b,
          glass_columns_b, glass_columns_a, glass_columns_a, glass_columns_a,
          uniq_prince_ribbit1, uniq_maggie
D:8:      layout_basic, lair_entry_dummy, kennysheep_generic_room_4
D:9:      layout_gridville, ebering_ghost_disaster_area,
          minmay_fractal_squares_diagonal_5, uniq_gastronok
D:10:     layout_cave_pools
D:11:     layout_gridville, amcnicky_mini_rare_corridor_liquid
D:12:     layout_gridville, orc_david_3, serial_ice, serial_ice_a, serial_ice_g,
          serial_ice_i, serial_ice_d, serial_ice_h, serial_ice_o, serial_ice_n,
          serial_ice_f, chequers_serial_rivers_micro_e
D:13:     minmay_the_grid_octo_tiled_octocenter_mashed
          [minmay_the_grid_octo_odd_swirl, minmay_the_grid_octo_fat_diamond,
          minmay_the_grid_octo_empty, minmay_the_grid_octo_chip,
          minmay_the_grid_octo_prize_single_spiral,
          minmay_the_grid_square_5x5_shrine1,
          minmay_the_grid_square_5x5_three_small,
          minmay_the_grid_square_5x5_eight_small,
          minmay_the_grid_square_5x5_fancy_junction], layout_loops_ring,
          enter_bailey_2, serial_rivers, chequers_serial_rivers_micro_d,
          chequers_serial_rivers_micro_a, chequers_serial_rivers_large_b,
          chequers_serial_rivers_marsh, special_room [special_room_bee]
D:14:     layout_big_octagon, lightli_vaults_fourway_checkpoint,
          minmay_misc_feat_doors, minmay_holes, uniq_jorgrun
D:15:     grunt_enter_depths_giant_problem, layout_basic,
          hangedman_abyss_or_decor_clamps
Temple:   roderic_octagonal_lattice_temple
Lair:1:   layout_regular_city, st_stairs_9, tgw_fedhas, uniq_erica
Lair:2:   wad_woods_structure_01, layout_regular_city,
          guppyfry_snake_entry_garden, gammafunk_ghost_arena,
          minmay_lair_oklob_chamber
Lair:3:   gammafunk_mikee_crab_dinner, layout_chaotic_city,
          gauntlet_entry_generic, beast_lair_carwin_8, uniq_urug
Lair:4:   layout_regular_city, minmay_shoals_entry_hut, grunt_megastairs_5
Lair:5:   layout_roguey, slime_altar_1
Lair:6:   gammafunk_lair_ancient_temple, layout_regular_city,
          lemuel_centaur_altar
Shoals:1: argonaut_golden_fleece, layout_shoals,
          nicolae_shoals_siren_and_animal_friends, uniq_donald, uniq_nikola
Shoals:2: layout_shoals, nicolae_shoals_drake_roost
Shoals:3: layout_shoals, uniq_polyphemus, uniq_ilsuiw
Shoals:4: shoals_end_simple, layout_shoals, shoals_ilsuiw_ice,
          nicolae_shoals_kraken_party
Snake:1:  layout_basic, serial_shops, shop, minmay_shop_star
Snake:2:  dpeg_oklob_gauntlet, layout_basic, serial_bayou_pond_e,
          grunt_ministairs_2, uniq_roxanne
Snake:3:  layout_grid_shapes, serial_bayou_pond_e, minmay_shop_grove,
          serial_bayou_shore_a, grunt_megastairs_4, uniq_vashnia
Snake:4:  snake_pit, layout_onion, basic_altar
Orc:1:    layout_caves, special_room [special_room_orc], kennysheep_orc_chapel
Orc:2:    st_orc_town, layout_diamond_mine, serial_shops, shop, special_room
Elf:1:    elf_arrival_002, layout_geoelf_diagonals, serial_shops,
          nicolae_shop_window_shopping, minmay_elf_demonology, feat_on_display
Elf:2:    layout_rooms, gammafunk_ghost_split, minivault_24
Elf:3:    minmay_elf_hall, layout_geoelf_octagon, special_room
          [special_room_mythical_zoo], gammafunk_ghost_arena, serial_shops,
          nicolae_shop_crystal, minmay_shop_grid_forest, minmay_elf_sorcery,
          uniq_saint_roka
Depths:1: layout_cave_pools, enter_ziggurat_f, hangedman_geh_valley,
          chequers_serial_rivers_small_b, kennysheep_doodads,
          kennysheep_generic_room_2
Depths:2: nzn_winding_woodlands_cross [nzn_winding_woodlands_5x15_pockets,
          nzn_winding_woodlands_5x15_split_checker,
          nzn_winding_woodlands_5x15_concentric,
          nzn_winding_woodlands_5x15_default,
          nzn_winding_woodlands_15x15_thick_spiral], layout_honeycomb,
          gammafunk_ghost_grave, minmay_misc_feat_secret_circle,
          hangedman_tar_grid_catacomb, corexii_corridor_pit
Depths:3: hangedman_pleasuredromes, pan_entry, abyss_entry, hell_entry
Depths:4: kennysheep_six_static_rooms, layout_basic, hangedman_decor_points,
          abyss_entry_crystal, lightli_too_deep, infiniplex_staircase_trident
Depths:5: evilmike_zot_entry_gauntlet, layout_gridlike, chequers_big_river,
          hell_entry, minmay_shoptagon

Skill      XL: |  1  2  3  4  5  6  7  8  9 10 11 12 13 14 15 16 17 18 19 20 21 22 23 |
---------------+----------------------------------------------------------------------+-----
Maces & Flails | 3 4 5 6 7 9 11 12 13 14 15 16 17 18 19 20 | 20.0
Armour         | 3 6 7 9 10 11 12 14 | 14.9
Shields        | 3 5 6 9 10 11 | 11.3
Fighting       | 5 6 9 10 11 13 15 16 17 18 19 20 | 20.0
Dodging        | 4 6 9 10 11 12 | 12.9
Evocations     | 4 7 10 11 12 13 14 15 | 15.5
Invocations    | 4 7 8 9 |  9.7
Throwing       | 1 5 8 10 | 10.0
Stealth        | |  5.4

Action                   |  1- 3 |  4- 6 |  7- 9 | 10-12 | 13-15 | 16-18 | 19-21 | 22-24 || total
-------------------------+-------+-------+-------+-------+-------+-------+-------+-------++-------
Melee: Mace              |    27 |   265 |   152 |   320 |       |       |       |       ||   764
       Dagger            |    12 |       |   239 |   282 |       |       |       |       ||   533
       Morningstar       |       |       |       |   376 |   207 |       |       |       ||   583
       Spear             |       |       |       |     5 |       |       |       |       ||     5
       Great mace        |       |       |       |       |   760 |   322 |       |       ||  1082
       Eveningstar       |       |       |       |       |       |   953 |  1720 |  1083 ||  3756
Throw: Dart              |       |    12 |    12 |    41 |     8 |    23 |       |       ||    96
Invok: Heroism           |       |       |       |     2 |       |       |     1 |       ||     3
       Finesse           |       |       |       |     1 |     1 |     1 |     1 |     3 ||     7
 Abil: Fly               |       |       |       |       |     3 |     1 |       |     1 ||     5
       Stop Flying       |       |       |       |       |     2 |     1 |       |     1 ||     4
       Evoke Blink       |       |       |       |       |       |       |     3 |     1 ||     4
Evoke: Wand              |       |     1 |       |    19 |     1 |    18 |    11 |    16 ||    66
       Tin of tremorston |       |       |       |     2 |     1 |     4 |     6 |     8 ||    21
       Condenser vane    |       |       |       |       |     1 |     4 |     4 |     5 ||    14
       Lightning rod     |       |       |       |       |       |     4 |     7 |       ||    11
       Box of beasts     |       |       |       |       |       |     1 |     1 |       ||     2
  Use: Scroll            |     4 |     3 |     3 |    18 |     9 |    10 |    16 |    12 ||    75
       Potion            |     1 |     1 |       |     3 |     1 |     3 |       |     1 ||    10
 Stab: Sleeping          |     4 |       |       |       |     1 |       |       |       ||     5
       Petrified         |       |       |       |       |     2 |       |       |       ||     2
       Distracted        |       |       |       |       |     1 |       |       |       ||     1
       Invisible         |       |       |       |       |       |     5 |       |       ||     5
       Paralysed         |       |       |       |       |       |     9 |       |     3 ||    12
Armor: Chain mail        |    16 |   212 |   198 |   594 |   235 |       |       |       ||  1255
       Leather armour    |     2 |       |       |       |       |       |       |       ||     2
       Scale mail        |       |       |       |       |   353 |       |       |       ||   353
       Plate armour      |       |       |       |       |    87 |  1195 |  1160 |   979 ||  3421
Dodge: Dodged            |    13 |    96 |    83 |   327 |   402 |   352 |   393 |   371 ||  2037
Block: Kite shield       |       |    63 |   143 |   498 |   122 |   384 |       |       ||  1210
       Reflection        |       |       |       |     4 |     2 |    22 |       |       ||    28
       Tower shield      |       |       |       |       |       |   267 |  1391 |  1206 ||  2864
